 Dungeon Crawl Stone Soup version 0.32-a0-616-g9348d4545b (webtiles) character file.

Game seed: 10822092090287437486

57348 javelincjr the Fighter (level 14, -3/104 HPs)
             Began as a Demonspawn Warper on Mar 5, 2024.
             Was a High Priest of Hepliaklqana.
             Killed from afar by a kobold blastminer (40 damage)
             ... with an iron shot
             ... on level 2 of the Orcish Mines.
             The game lasted 01:12:57 (12937 turns).

javelincjr the Fighter (Demonspawn Warper)         Turns: 12937, Time: 01:12:58

Health: -3/104     AC: 16    Str: 38    XL:     14   Next: 45%
Magic:  3/26       EV: 17    Int: 13    God:    Hepliaklqana [*****.]
Gold:   1643       SH:  4    Dex: 20    Spells: 14/30 levels left

rFire   . . .        N - +11 mace of the Seven Gods {flame, +Blink rC+ Stlth+}
rCold   . . .        (no shield)
rNeg    + . .        u - +5 ring mail of Dozeadd {Int+6}
rPois   +            m - +1 helmet "Weciw" {rPois rN+ Str+7 Int-2 Slay+2}
rElec   .            W - +1 cloak {Stlth+}
rCorr   .            (gloves unavailable)
SInv    +            (no boots)
Will    +++..        z - amulet "Gebruegg" {rC- Will++ Regen+ Str+9 Int-4}
Stlth   ++++++       t - +6 ring of strength
HPRegen 1.17/turn    M - ring of see invisible
MPRegen 0.20/turn

%: no passive effects
@: on blink cooldown
A: reduced essence, thin skeletal structure 3, spiny 2, augmentation 1,
condensation shield, demonic touch 3
a: Renounce Religion, Evoke Blink, Recall Ancestor, Ancestor Identity,
Transference, Idealise


You were on level 2 of the Orcish Mines.
You worshipped Hepliaklqana.
Hepliaklqana was extremely pleased with you.
You visited 4 branches of the dungeon, and saw 17 of its levels.

You collected 1731 gold pieces.
You spent 88 gold pieces at shops.

Inventory:

Hand Weapons
 D - a +2 demon whip of flaming
 J - a +3 hand axe of distortion
 N - the +11 mace of the Seven Gods (weapon) {flame, +Blink rC+ Stlth+}
   (You found it on level 4 of the Lair of Beasts)

   rC+:       It protects you from cold.
   +Blink:    It lets you blink.
   Stlth+:    It makes you more stealthy.
 P - a +3 short sword of venom
 Q - a +4 trident of flaming
Missiles
 d - 7 darts of dispersal
 x - 33 poisoned darts
 H - a throwing net
 K - 5 boomerangs
 O - 14 curare-tipped darts
 V - 9 atropa-tipped darts
 Y - 3 datura-tipped darts
Armour
 a - the +3 crown of Dyrovepreva {rElec Int+2 SInv}
   (You found it on level 3 of the Lair of Beasts)

   Int+2:     It affects your intelligence (+2).
   rElec:     It insulates you from electricity.
   SInv:      It lets you see invisible.
 m - the +1 helmet "Weciw" (worn) {rPois rN+ Str+7 Int-2 Slay+2}
   (You took it off Robin on level 2 of the Dungeon)

   Str+7:     It affects your strength (+7).
   Int-2:     It affects your intelligence (-2).
   Slay+2:    It affects your accuracy & damage with ranged weapons and melee
   (+2).
   rPois:     It protects you from poison.
   rN+:       It protects you from negative energy.
 u - the +5 ring mail of Dozeadd (worn) {Int+6}
   (You found it on level 3 of the Dungeon)

   Int+6:     It affects your intelligence (+6).
 B - a +0 kite shield
 W - a +1 cloak of stealth (worn)
Jewellery
 t - a +6 ring of strength (left hand)
 w - an amulet of reflection
 z - the amulet "Gebruegg" (around neck) {rC- Will++ Regen+ Str+9 Int-4}
   (You found it on level 4 of the Dungeon)

   [amulet of regeneration]

   Str+9:     It affects your strength (+9).
   Int-4:     It affects your intelligence (-4).
   rC-:       It makes you vulnerable to cold.
   Will++:    It greatly increases your willpower.
   Regen+:    It increases your rate of health regeneration.
 M - a ring of see invisible (right hand)
 R - a ring of protection from fire
 S - a ring of magical power
 X - a ring of protection from cold
Wands
 C - a wand of warping (23)
 F - a wand of flame (41)
 T - a wand of charming (12)
 U - a wand of digging (4)
Scrolls
 e - 5 scrolls of poison
 f - 4 scrolls of vulnerability {unknown}
 g - 7 scrolls of teleportation
 h - 3 scrolls of noise {unknown}
 o - 4 scrolls of enchant weapon
 r - a scroll of silence {unknown}
 s - 2 scrolls of butterflies {unknown}
 y - a scroll of brand weapon {unknown}
 G - 3 scrolls of amnesia
 I - a scroll of immolation {unknown}
 L - 3 scrolls of fog
Potions
 b - a potion of invisibility
 c - a potion of haste {unknown}
 i - 3 potions of berserk rage
 j - 2 potions of might
 k - 3 potions of brilliance
 l - a potion of mutation
 n - 5 potions of curing
 v - 4 potions of lignification
 A - a potion of resistance
 E - a potion of enlightenment
Miscellaneous
 p - a tin of tremorstones (2/2)


   Skills:
 * Level 12.9 Fighting
 * Level 3.2 Maces & Flails
 - Level 8.4 Polearms
 - Level 1.0 Throwing
 + Level 8.6 Armour
 + Level 8.6 Dodging
 + Level 7.0 Shields
 + Level 8.5 Spellcasting
 + Level 4.7 Summonings
 + Level 8.7 Translocations
 + Level 5.1 Invocations


You had 14 spell levels left.
You knew the following spells:

 Your Spells              Type           Power      Damage    Failure   Level
a - Blink                 Tloc           56%        N/A       1%          2
b - Lesser Beckoning      Tloc           56%        N/A       1%          2
c - Foxfire               Conj/Fire      20%        2x1d5     17%         1
d - Teleport Other        Tloc           28%        N/A       1%          3
e - Manifold Assault      Tloc           28%        N/A       4%          4
f - Iskenderun's Mystic   Conj/Tloc      16%        2d5       28%         4

Your spell library contained the following spells:

 Spells                   Type           Power      Damage    Failure   Level
 Apportation              Tloc           56%        N/A       1%          1
 Summon Small Mammal      Summ           68%        N/A       2%          1
 Necrotise                Necr           20%        1d5       17%         1
 Sting                    Conj/Alch      20%        1d4       17%         1
 Dimensional Bullseye     Hex/Tloc       8%         N/A       28%         4
 Vhi's Electric Charge    Tloc/Air       32%        N/A       28%         4
 Tukima's Dance           Hex            5%         N/A       45%         3
 Plasma Beam              Fire/Air       2%         2x1d12    100%        6
 Starburst                Conj/Fire      2%         6d3       100%        6
 Malign Gateway           Summ/Tloc      11%        N/A       100%        7
 Summon Horrible Things   Summ           8%         N/A       100%        8


Dungeon Overview and Level Annotations

Branches:
Dungeon (9/15)             Temple (1/1) D:5            Lair (5/5) D:8
  Swamp (0/4) Lair:2       Spider (0/4) Lair:2        Slime (0/5) Lair:5
    Orc (2/2) D:9             Elf (0/3) Orc:2

Altars:
Ashenzari
Cheibriados
Dithmenos
Fedhas
Gozag
Hepliaklqana
Kikubaaqudgha
Makhleb
Nemelex Xobeh
Okawaru
Qazlal
Sif Muna
Trog
Uskayaw
Vehumet
Wu Jian
Xom
Yredelemnul
Beogh
Jiyva

Shops:
D:1 :   D:4 [(!*   D:7 =   Orc:1 :

Annotations:
Lair:5 exclusion: 4 oklob plants


Innate Abilities, Weirdness & Mutations

Your life essence is reduced to manifest your ancestor. (-10% HP)
You have an unnaturally thin skeletal structure. (Dex +6, Stealth+++)
You are mostly covered in sharp spines.
Your magical and physical power is slightly enhanced at high health.
A meltable shield of frost defends you. (SH +4)
Your touch may irresistibly damage your foes and sap their willpower.


Message History

The stone arrow hits the orc warrior!!
The orc warrior dies!
An orc knight comes into view. It is wielding a +0 arbalest.
The kobold blastminer shoots an arrow.
The arrow closely misses Gananim.
The arrow hits you but does no damage.
An arrow appears from out of your range of vision.
The arrow hits Gananim.
The orc knight roars a battlecry!
You hear a shout! x2
Gananim casts a spell at the kobold blastminer.
The stone arrow hits the kobold blastminer!
The orc warrior unwields a +0 broad axe.
The orc warrior wields a +0 orcbow.
The orc warrior shoots an arrow.
The arrow barely misses you.
You sock the orc warrior! You burn the orc warrior.
Your touch misses the orc warrior.
The orc warrior is severely wounded.
Gananim casts a spell at the kobold blastminer.
The stone arrow hits the kobold blastminer!!
A bolt appears from out of your range of vision.
The bolt hits Gananim!!
The orc warrior is struck by your spines.
The orc warrior completely misses you.
An arrow appears from out of your range of vision.
The arrow hits Gananim but does no damage.
An arrow appears from out of your range of vision.
The arrow hits Gananim!
Gananim is destroyed!
The kobold blastminer shouts!
Okay, then.
Casting: Manifold Assault (dangerous; 4% risk of failure)
Confirm with . or Enter, or press ? or * to list all spells.
You blink.
A centaur comes into view.
Found 31 gold pieces.
The centaur shouts!
You hear a shout!
The kobold blastminer blasts its cannon at you.
The iron shot hits you!!!
You die...
Hepliaklqana delivers you to your ancestors.

.. ##.## ........# .$ ## #...#
c..........# #.. ##..##
≈≈......#..# ##.##...##
≈≈≈.....#.. #...##...#
............. .....##.###
oo)§)o...... . ......#.##>
##≈≈≈≈.....#... ##........
###≈≈≈≈..o..@#... ##.........
#≈≈≈≈............##..........
≈≈≈..........#...#...........
#≈≈......o)).##.............).
#...##..##K.##................
.........§o...................
.........................)..).
...........................#..
......#...................)...


You could see an orc knight (strong), a kobold blastminer, 3 orc warriors and a
centaur.

Vanquished Creatures
  Gastronok (Lair:1)
  A hydra (Lair:5)
  3 death yaks (Lair:3)
  Sonja (Lair:1)
  2 lindwurms
  3 orc knights (Orc:1)
  Pikel (D:8)
  A wolf spider (Lair:5)
  2 orc sorcerers
  A meliai (Lair:2)
  A guardian serpent (Lair:5)
  6 elephants
  6 black mambas
  4 kobold blastminers
  4 torpor snails (Lair:5)
  13 cane toads
  6 komodo dragons
  7 hornets (Lair:5)
  2 tyrant leeches (Lair:5)
  A troll (Orc:2)
  3 dream sheep (Lair:5)
  9 blink frogs
  7 wyverns
  A steam dragon (D:7)
  37 yaks
  3 wargs
  3 basilisks
  A redback (Lair:5)
  20 water moccasins
  Duvessa (D:4)
  2 sky beasts
  An ice beast (D:6)
  9 orc warriors
  3 black bears
  3 wolves (Lair:1)
  3 ogres
  5 centaurs
  15 bullfrogs
  A gnoll sergeant (D:5)
  A kobold brigand (D:8)
  A scorpion (D:5)
  Dowan (D:4)
  5 killer bees
  A howler monkey (D:6)
  A bombardier beetle (D:5)
  4 hounds
  3 orc priests
  A gnoll bouda (D:4)
  14 orc wizards
  5 iguanas
  Robin (D:2)
  11 gnolls
  3 adders
  A river rat (D:8)
  2 white imps
  6 dart slugs
  A ribbon worm (D:2)
  26 orcs
  7 ball pythons
  3 bats (D:1)
  8 endoplasms
  6 giant cockroaches
  13 goblins
  3 hobgoblins
  6 jackals (D:5)
  4 quokkas
  3 frilled lizards
  15 kobolds
  3 rats
352 creatures vanquished.

Vanquished Creatures (collateral kills)
  An eleionoma (Lair:2)
  An ettin (Orc:1)
  A fire dragon (Lair:5)
  The ghost of Juicyj the Cleaver, a novice MDFi of Beogh (D:7)
  A death yak (Lair:3)
  A skyshark (Lair:2)
  2 lindwurms (Lair:5)
  An orc sorcerer (Orc:2)
  A kobold blastminer (Orc:2)
  An elephant (Lair:3)
  2 black mambas
  8 cane toads
  A torpor snail (Lair:5)
  A rime drake (Lair:1)
  3 komodo dragons
  A tyrant leech (Lair:5)
  2 hornets (Lair:5)
  A polar bear (Lair:2)
  2 blink frogs (Lair:4)
  4 dream sheep (Lair:5)
  8 wyverns
  22 yaks
  A basilisk (Lair:4)
  A steam dragon (D:9)
  7 water moccasins
  A sky beast (D:7)
  5 orc warriors
  A black bear (Lair:1)
  3 wolves (Lair:1)
  An ogre (Orc:2)
  A lemure (D:8)
  2 kobold brigands
  5 bullfrogs (Lair:2)
  A scorpion (D:6)
  2 killer bees (Lair:2)
  A jelly (D:7)
  2 orc priests (D:9)
  A gnoll bouda (D:8)
  4 orc wizards
  2 gnolls (D:8)
  19 orcs
  6 kobolds
  12 foxfires
144 creatures vanquished.

Vanquished Creatures (others)
  11 battlemagi
  An orc wizard (D:8)
  An orc (Orc:2)
  178 foxfires
191 creatures vanquished.

Grand Total: 687 creatures vanquished

Notes
Turn   | Place    | Note
-------+----------+-------------------------------------------
     0 | D:1      | javelincjr the Demonspawn Warper began the quest for the
                  | Orb.
     0 | D:1      | Reached XP level 1. HP: 16/16 MP: 3/3
    58 | D:1      | Reached skill level 1 in Armour
    86 | D:1      | Reached skill level 1 in Throwing
   104 | D:1      | Gained mutation: Your touch may inflict minor irresistible
                  | damage on your foes. [demonic ancestry]
   104 | D:1      | Reached XP level 2. HP: 22/22 MP: 5/5
   150 | D:1      | Found Wetum's Book Emporium.
   331 | D:1      | Learned a level 2 spell: Blink
   334 | D:1      | Learned a level 2 spell: Lesser Beckoning
   336 | D:1      | Learned a level 1 spell: Foxfire
   465 | D:2      | Reached XP level 3. HP: 17/28 MP: 6/6
   620 | D:2      | Identified the +1 helmet "Weciw" {rPois rN+ Str+7 Int-2
                  | Slay+2}
   620 | D:2      | Noticed Robin
  1022 | D:2      | Killed Robin
  1424 | D:2      | Gained mutation: Your touch may inflict irresistible damage
                  | on your foes. [demonic ancestry]
  1424 | D:2      | Reached XP level 4. HP: 34/34 MP: 7/7
  1551 | D:3      | Identified the +5 ring mail of Dozeadd {Int+6}
  2004 | D:3      | Found a faded altar of an unknown god.
  2615 | D:4      | Reached skill level 3 in Fighting
  2636 | D:4      | Gained mutation: A meltable shield of frost defends you.
                  | (SH +4) [demonic ancestry]
  2636 | D:4      | Reached XP level 5. HP: 33/41 MP: 8/8
  2644 | D:4      | Found Tanabug's Weapon Shop.
  2680 | D:4      | Identified the amulet "Gebruegg" {rC- Will++ Regen+ Str+9
                  | Int-4}
  2704 | D:4      | Found Xesinlup's General Store.
  2769 | D:4      | Noticed Duvessa
  2769 | D:4      | Noticed Dowan
  2796 | D:4      | Killed Duvessa
  2797 | D:4      | Gained mutation: You are partially covered in sharp spines.
                  | [demonic ancestry]
  2797 | D:4      | Reached XP level 6. HP: 43/48 MP: 3/10
  2804 | D:4      | Killed Dowan
  2859 | D:4      | Found Lopata's Distillery.
  2862 | D:4      | Bought a potion of curing for 33 gold pieces
  2862 | D:4      | Bought a potion of heal wounds for 55 gold pieces
  2966 | D:4      | Reached skill level 4 in Fighting
  3043 | D:4      | Found Danwuadd's Antique Armour Boutique.
  3198 | D:5      | Entered Level 5 of the Dungeon
  3204 | D:5      | Gained mutation: You have a somewhat thin skeletal
                  | structure. (Dex +2, Stealth+) [demonic ancestry]
  3204 | D:5      | Reached XP level 7. HP: 54/54 MP: 11/11
  3370 | D:5      | Reached skill level 5 in Fighting
  3374 | D:5      | Gained mutation: Your touch may irresistibly damage your
                  | foes and sap their willpower. [demonic ancestry]
  3374 | D:5      | Reached XP level 8. HP: 48/62 MP: 13/13
  3491 | D:5      | Found a staircase to the Ecumenical Temple.
  3505 | Temple   | Entered the Ecumenical Temple
  3512 | Temple   | Became a worshipper of Hepliaklqana the Forgotten
  4170 | D:6      | Reached * piety under Hepliaklqana
  4175 | D:6      | Reached skill level 6 in Fighting
  4384 | D:6      | Found a shimmering altar of Xom.
  4433 | D:6      | Found a shimmering blue altar of Sif Muna.
  4486 | D:6      | Found a sparkling altar of Nemelex Xobeh.
  4549 | D:7      | Found a runed translucent gate.
  4549 | D:7      | Found a runed translucent gate.
  4549 | D:7      | Found a runed translucent gate.
  4553 | D:7      | Noticed Juicyj's ghost (novice MDFi)
  4735 | D:7      | Found Hiupahutt's Jewellery Emporium.
  4740 | D:7      | Reached XP level 9. HP: 63/63 MP: 15/15
  4788 | D:7      | Learned a level 3 spell: Teleport Other
  4857 | D:7      | Reached skill level 5 in Translocations
  4892 | D:7      | Found a snail-covered altar of Cheibriados.
  5002 | D:7      | Reached ** piety under Hepliaklqana
  5003 | D:7      | Remembered your ancestor Gananim as a battlemage
  5160 | D:7      | Found a radiant altar of Vehumet.
  5257 | D:7      | Killed Juicyj's ghost
  5258 | D:7      | Reached skill level 7 in Fighting
  5258 | D:7      | Reached skill level 5 in Polearms
  5258 | D:7      | Reached skill level 1 in Shields
  5377 | D:8      | Noticed Pikel
  5390 | D:8      | Killed Pikel
  5391 | D:8      | Reached skill level 5 in Dodging
  5391 | D:8      | Reached skill level 5 in Spellcasting
  5393 | D:8      | Reached skill level 5 in Armour
  5485 | D:8      | Gained mutation: You are mostly covered in sharp spines.
                  | [demonic ancestry]
  5485 | D:8      | Reached XP level 10. HP: 70/72 MP: 17/17
  5543 | D:8      | Reached skill level 8 in Fighting
  5585 | D:8      | Found a staircase to the Lair.
  5967 | D:9      | Found a staircase to the Orcish Mines.
  6070 | D:9      | Reached *** piety under Hepliaklqana
  6415 | D:9      | Reached skill level 9 in Fighting
  7029 | Lair:1   | Entered Level 1 of the Lair of Beasts
  7070 | Lair:1   | Gained mutation: You have a moderately thin skeletal
                  | structure. (Dex +4, Stealth++) [demonic ancestry]
  7070 | Lair:1   | Reached XP level 11. HP: 61/80 MP: 19/19
  7184 | Lair:1   | Noticed Sonja
  7203 | Lair:1   | Killed Sonja
  7226 | Lair:1   | Learned a level 4 spell: Manifold Assault
  7231 | Lair:1   | Learned a level 4 spell: Iskenderun's Mystic Blast
  7405 | Lair:1   | Noticed Gastronok
  7419 | Lair:1   | Killed Gastronok
  7420 | Lair:1   | Reached skill level 10 in Fighting
  7954 | Lair:2   | Reached XP level 12. HP: 72/88 MP: 22/22
  8095 | Lair:2   | Reached skill level 5 in Shields
  8120 | Lair:2   | Found a staircase to the Swamp.
  8120 | Lair:2   | Noticed an eleionoma
  8130 | Lair:2   | Killed an eleionoma
  8157 | Lair:2   | Reached **** piety under Hepliaklqana
  8314 | Lair:2   | Found a hole to the Spider Nest.
  8359 | Lair:2   | Reached skill level 11 in Fighting
  8419 | Lair:2   | Reached skill level 1 in Summonings
  8722 | Lair:3   | Noticed a death yak
  8725 | Lair:3   | Noticed a death yak
  8726 | Lair:3   | Noticed a death yak
  8730 | Lair:3   | Killed a death yak
  8730 | Lair:3   | Noticed a death yak
  8747 | Lair:3   | Killed a death yak
  8755 | Lair:3   | Killed a death yak
  8763 | Lair:3   | Killed a death yak
  8915 | Lair:3   | Found the +3 crown of Dyrovepreva {rElec Int+2 SInv}
  8951 | Lair:3   | Gained mutation: You have an unnaturally thin skeletal
                  | structure. (Dex +6, Stealth+++) [demonic ancestry]
  8951 | Lair:3   | Reached XP level 13. HP: 95/95 MP: 24/24
  8952 | Lair:3   | You fall into a shaft and drop 2 floors!
  8952 | Lair:5   | Entered Level 5 of the Lair of Beasts
  9205 | Lair:5   | Reached skill level 1 in Invocations
  9324 | Lair:5   | Found a staircase to the Slime Pits.
  9554 | Lair:5   | Reached skill level 12 in Fighting
 10157 | Lair:4   | Reached ***** piety under Hepliaklqana
 10379 | Lair:4   | Identified the +11 mace of the Seven Gods {flame, +Blink
                  | rC+ Stlth+}
 11118 | Lair:5   | Reached skill level 1 in Maces & Flails
 11274 | Lair:5   | Gained mutation: Your magical and physical power is
                  | slightly enhanced at high health. [demonic ancestry]
 11274 | Lair:5   | Reached XP level 14. HP: 104/104 MP: 21/26
 11905 | Lair:5   | Found a viscous altar of Jiyva.
 12099 | Orc:1    | Entered Level 1 of the Orcish Mines
 12121 | Orc:1    | Found a roughly hewn altar of Beogh.
 12341 | Orc:1    | Found Tuupnam's Book Shoppe.
 12569 | Orc:1    | You fall into a shaft and drop 1 floor!
 12569 | Orc:2    | Entered Level 2 of the Orcish Mines
 12724 | Orc:2    | Found a staircase to the Elven Halls.
 12765 | Orc:2    | Reached skill level 5 in Invocations
 12937 | Orc:2    | Killed from afar by a kobold blastminer

Illustrated notes

Levels and vault maps discovered:
D:1:      wander_arrival_estate, layout_basic, serial_shops, shop
D:2:      layout_basic, uniq_robin
D:3:      layout_basic, shapermc_ecumenical_altar_totnotflames,
          serial_bayou_crossing
D:4:      layout_loops_cross, serial_shops, nicolae_shop_real_fake_doors,
          nicolae_shop_just_a_little_nook, nicolae_shop_stone, shop,
          uniq_duvessa
D:5:      layout_basic, minmay_temple_entry_junction
D:6:      layout_gridville, nicolae_overflow_quartered_altars,
          minmay_fountain_box, dreamdust_mushroom_princess, hex_large
D:7:      layout_loops_ring, nicolae_vehumet_altar_sigil, cheibriados_altar_1,
          serial_shops, nicolae_shop_tiny_statue_garden,
          ebering_ghost_rock_garden, nicolae_letterblocks
          [nicolae_letter_subblock, nicolae_letter_subblock,
          nicolae_letter_subblock, nicolae_letter_subblock,
          nicolae_letter_subblock, nicolae_letter_subblock,
          nicolae_letter_subblock, nicolae_letter_subblock,
          nicolae_letter_subblock, nicolae_letter_subblock,
          nicolae_letter_subblock, nicolae_letter_subblock,
          nicolae_letter_subblock, nicolae_letter_subblock,
          nicolae_letter_subblock, nicolae_letter_subblock,
          nicolae_letter_subblock, nicolae_letter_subblock,
          nicolae_letter_subblock, nicolae_letter_subblock,
          nicolae_letter_subblock, nicolae_letter_subblock,
          nicolae_letter_subblock, nicolae_letter_subblock,
          nicolae_letter_subblock]
D:8:      nicolae_cairo_tiling_very_big, layout_cave_pools, dpeg_lair_monsters,
          serial_column_ruins, column_ruins_grid_1,
          column_ruins_columns_straight, column_ruins_corridor_corner,
          column_ruins_grid_1, column_ruins_columns_straight,
          amcnicky_mini_pool_small, uniq_pikel
D:9:      layout_stronghold, david_orc_3
Temple:   nicolae_temple_no_exploring_needed
Lair:1:   layout_roguey, basic_altar, beast_lair_carwin_7, uniq_sonja,
          uniq_gastronok
Lair:2:   layout_big_grid, alex1729_swamp_entry_worm_eleionoma,
          hellmonk_spider_entry_not_the_bees, beast_lair_carwin_9
Lair:3:   layout_loops_ring
Lair:4:   layout_cave_pods, beast_lair_carwin_3
Lair:5:   hangedman_lair_tendril_chambers, layout_hall_layers, wormcave,
          minmay_slime_entry_oklob_open
Orc:1:    layout_diamond_mine, serial_shops, shop_statue, lemuel_statue_altar
Orc:2:    st_orc_rangers, layout_caves, mines5_lemuel

Skill      XL: |  1  2  3  4  5  6  7  8  9 10 11 12 13 14 |
---------------+-------------------------------------------+-----
Armour         | 1 2 3 4 5 6 7 8 |  8.6
Throwing       | 1 |  1.0
Polearms       | 2 3 4 5 6 7 8 |  8.4
Dodging        | 2 3 4 5 6 7 8 |  8.6
Translocations | 3 4 5 6 7 8 |  8.7
Fighting       | 3 4 5 6 7 9 10 11 12 | 12.9
Spellcasting   | 3 4 5 6 7 8 |  8.5
Shields        | 2 3 4 5 6 7 |  7.0
Summonings     | 2 4 |  4.7
Invocations    | 3 5 |  5.1
Maces & Flails | 1 3 |  3.2

Action                     |  1- 3 |  4- 6 |  7- 9 | 10-12 | 13-15 || total
---------------------------+-------+-------+-------+-------+-------++-------
  Melee: Spear             |   122 |    86 |   227 |   203 |       ||   638
         Touch             |    10 |    18 |    32 |    69 |    51 ||   180
         Trident           |       |       |       |   194 |   156 ||   350
         Mace              |       |       |       |       |   129 ||   129
   Cast: Foxfire           |    18 |    14 |    11 |    24 |    45 ||   112
         Blink             |     1 |     1 |       |       |     5 ||     7
         Lesser Beckoning  |     1 |       |       |       |     3 ||     4
         Manifold Assault  |       |       |       |       |     8 ||     8
         Iskenderun's Myst |       |       |       |       |     1 ||     1
 Invoke: Recall Ancestor   |       |       |     1 |     1 |     2 ||     4
         Ancestor Life: Ba |       |       |     1 |       |       ||     1
         Transference      |       |       |       |       |     7 ||     7
         Idealise          |       |       |       |       |     4 ||     4
  Evoke: Tin of tremorston |       |       |       |       |     1 ||     1
         Wand              |       |       |       |       |     1 ||     1
    Use: Scroll            |       |       |       |    12 |    10 ||    22
         Potion            |       |       |       |       |     6 ||     6
   Stab: Sleeping          |       |       |     4 |     2 |     6 ||    12
         Distracted        |       |       |     2 |     8 |     9 ||    19
 Armour: Leather armour    |    70 |       |       |       |       ||    70
         Ring mail         |       |    24 |   106 |   154 |   196 ||   480
  Dodge: Dodged            |    64 |    16 |    89 |   142 |   203 ||   514
  Block: Other             |       |    11 |    25 |    43 |    41 ||   120
         Reflection        |       |     1 |       |       |       ||     1

Table legend: (Time is in decaauts)
 A = Elapsed time spent in this place.
 B = Non-inter-level travel time spent in this place.
 C = Inter-level travel time spent in this place.
 D = Time resting spent in this place.
 E = Time spent auto-exploring this place.
 F = Levels seen in this place.
 G = Mean time per level.
                   A        B        C        D        E       F      G
               +--------+--------+--------+--------+--------+-----+--------+
         Total |  12922 |  12362 |    560 |    484 |   8703 |  17 |  760.1 |
       Dungeon |   7091 |   6715 |    376 |    253 |   5186 |   9 |  787.9 |
        Temple |     14 |      2 |     12 |      0 |      0 |   1 |   14.0 |
          Lair |   5005 |   4834 |    171 |    198 |   3069 |   5 | 1001.0 |
  Orcish Mines |    811 |    811 |      0 |     33 |    447 |   2 |  405.5 |
               +--------+--------+--------+--------+--------+-----+--------+

Top non-repeatable levels by time:
  Lair:5: 1780 daAuts
     D:9: 1103 daAuts
     D:3: 963 daAuts
  Lair:4: 962 daAuts
  Lair:1: 924 daAuts
     D:2: 841 daAuts
     D:7: 746 daAuts
  Lair:3: 743 daAuts
     D:4: 736 daAuts
     D:8: 707 daAuts
     D:6: 696 daAuts
     D:1: 668 daAuts
     D:5: 628 daAuts
  Lair:2: 593 daAuts
   Orc:1: 439 daAuts
